 Dungeon Crawl Stone Soup version 0.30-a0-1035-g38d5fb2972 (webtiles) character file.

Game seed: 15637492044254901965

31 cdice the Poker (level 3, 0/37 HPs)
             Began as an Ogre Reaver on Apr 9, 2023.
             Frozen to death by an endoplasm (5 damage)
             ... on level 2 of the Dungeon.
             The game lasted 00:01:03 (851 turns).

cdice the Poker (Ogre Reaver)                        Turns: 851, Time: 00:01:03

Health: 0/37       AC:  3    Str: 18    XL:     3   Next: 22%
Magic:  7/7        EV:  9    Int: 14    God:
Gold:   62         SH:  0    Dex:  7    Spells: 6/7 levels left

rFire   . . .      SeeInvis .    a - +0 spear
rCold   . . .      Faith    .    (no shield)
rNeg    . . .      Spirit   .    b - +0 robe
rPois   .          Reflect  .    (helmet restricted)
rElec   .          Rampage  .    (no cloak)
rCorr   .                        (gloves unavailable)
Will    .....                    (boots unavailable)
Stlth   +                        (no amulet)
HPRegen 0.26/turn                (no ring)
MPRegen 0.10/turn                (no ring)

@: no status effects
A: large, unfitting armour, tough skin 1
a: no special abilities


You were on level 2 of the Dungeon.
You visited 1 branch of the dungeon, and saw 2 of its levels.

You collected 62 gold pieces.

Inventory:

Hand Weapons
 a - a +0 spear (weapon)
Armour
 b - a +0 robe (worn)
Jewellery
 e - a ring of resist corrosion
Scrolls
 c - a scroll of amnesia {unknown}
 d - a scroll of poison {unknown}
 f - a scroll of identify {unknown}
 i - a scroll of butterflies {unknown}
Potions
 g - a potion of heal wounds {unknown}
 h - a potion of curing {unknown}
 j - a potion of resistance {unknown}


   Skills:
 * Level 3.1 Fighting
 - Level 3.2 Polearms
 + Level 2.0 Dodging
 * Level 2.8 Spellcasting
 + Level 3.1 Conjurations


You had 6 spell levels left.
You knew the following spells:

 Your Spells              Type           Power      Damage    Failure   Level
a - Kiss of Death         Conj/Necr      24%        2d7       12%         1

Your spell library contained the following spells:

 Spells                   Type           Power      Damage    Failure   Level
 Momentum Strike          Conj/Tloc      12%        3d8       17%         2
 Hailstorm                Conj/Ice       6%         3d4       34%         3


Dungeon Overview and Level Annotations

Branches:
Dungeon (2/15)

Altars:


Innate Abilities, Weirdness & Mutations

You are too large for most types of armour.
You have tough skin. (AC +1)


Message History

The adder completely misses you. The endoplasm hits you.
There are monsters nearby!
You hit the adder but do no damage.
The adder is almost dead.
The adder bites you.
You are poisoned.
The adder poisons you! The adder closely misses you. The endoplasm hits you.
You closely miss the adder.
The adder is almost dead.
You feel sick. The adder bites you. The endoplasm freezes you.
You are frozen.
You closely miss the adder.
The adder is almost dead.
You feel sick. The adder bites you but does no damage.
You miss the adder. You punch the adder.
You kill the adder!
You feel sick. The endoplasm freezes you.
You are frozen.
* * * LOW HITPOINT WARNING * * *
You have reached level 3!
Your experience leads to an increase in your attributes!
Increase (S)trength, (I)ntelligence, or (D)exterity?
You feel stronger. x3
You hit the endoplasm but do no damage.
You feel sick.
You are no longer poisoned.
The endoplasm freezes you.
You are frozen.
* * * LOW HITPOINT WARNING * * *
You hit the endoplasm.
The endoplasm is almost dead.
The endoplasm freezes you.
You are frozen.
* * * LOW HITPOINT WARNING * * *
You hit the endoplasm but do no damage.
The endoplasm is almost dead.
The endoplasm freezes you.
You are frozen.
You die...

....... .. ........
.....#.# ....#.##..#.#
##.....##..#.###...
#.$................
#...J..............
#####..@...##..#.##...#
................[.....##
...#...........<........
. ##......<.....##.#.#
#.#....###........#
#.#...............#
#.#.#...###....#..#
#.#............##.#
#........)..#..##.#


You could see an endoplasm.

Vanquished Creatures
  An adder (D:2)
  A dart slug (D:2)
  4 bats (D:1)
  3 endoplasms (D:1)
  3 goblins
  2 hobgoblins (D:1)
  2 ball pythons
  2 frilled lizards (D:1)
  2 kobolds (D:1)
  A rat (D:1)
21 creatures vanquished.

Notes
Turn   | Place    | Note
-------+----------+-------------------------------------------
     0 | D:1      | cdice the Ogre Reaver began the quest for the Orb.
     0 | D:1      | Reached XP level 1. HP: 22/22 MP: 3/3
   289 | D:1      | Reached XP level 2. HP: 29/29 MP: 5/5
   472 | D:1      | Found a faded altar of an unknown god.
   472 | D:1      | Noticed a crimson imp
   849 | D:2      | Reached XP level 3. HP: 10/37 MP: 7/7
   851 | D:2      | Frozen to death by an endoplasm

Illustrated notes

Levels and vault maps discovered:
D:1:      lightli_arrival_quake, layout_basic,
          dreamdust_ecumenical_altar_sealed_demon
D:2:      layout_basic, minmay_misc_feat_enclosed, minmay_hedge_maze

Skill      XL: |  1  2 |
---------------+-------+-----
Conjurations   | 3 |  3.1
Dodging        | 2 |  2.0
Fighting       | 3 |  3.1
Polearms       | |  3.2
Spellcasting   | |  2.8

Action                     || total
---------------------------++-------
  Melee: Spear             ||    77
         Punch             ||     1
 Armour: Robe              ||    17
  Dodge: Dodged            ||    31

Table legend: (Time is in decaauts)
 A = Elapsed time spent in this place.
 B = Non-inter-level travel time spent in this place.
 C = Inter-level travel time spent in this place.
 D = Time resting spent in this place.
 E = Time spent auto-exploring this place.
 F = Levels seen in this place.
 G = Mean time per level.
                   A        B        C        D        E       F      G
               +--------+--------+--------+--------+--------+-----+--------+
         Total |    845 |    819 |     26 |     50 |    632 |   2 |  422.5 |
       Dungeon |    845 |    819 |     26 |     50 |    632 |   2 |  422.5 |
               +--------+--------+--------+--------+--------+-----+--------+

Top non-repeatable levels by time:
     D:1: 773 daAuts
     D:2: 72 daAuts
